 Dungeon Crawl Stone Soup version 0.32-a0-571-gec57dfcd37 (webtiles) character file.

Game seed: 10630861339083173091

13541 runemasterragnar the Skirmisher (level 12, -3/90 HPs)
             Began as a Coglin Hexslinger on Mar 1, 2024.
             Was a Follower of Hepliaklqana.
             Slain by a komodo dragon (28 damage)
             ... on level 10 of the Dungeon.
             The game lasted 00:20:06 (11515 turns).

runemasterragnar the Skirmisher (CoHs)             Turns: 11515, Time: 00:20:07

Health: -3/90      AC:  7    Str: 11    XL:     12   Next: 7%
Magic:  13/13      EV: 12    Int: 12    God:    Hepliaklqana [*.....]
Gold:   534        SH:  0    Dex: 20    Spells: 10/13 levels left

rFire   . . .        a - +1 sling {Preben}
rCold   . . .        t - +3 sling (drain) {Bunsong}
rNeg    . . .        c - +0 robe
rPois   .            k - +2 helmet
rElec   .            l - +0 cloak
rCorr   .            j - +0 pair of gloves
SInv    .            (no boots)
Will    .....        (amulet unavailable)
Stlth   ++           (ring unavailable)
HPRegen 0.35/turn    (ring unavailable)
MPRegen 0.13/turn    (no gizmo)

%: no passive effects
@: marked
A: reduced essence, off-hand wielding, slow wielding, warmup strikes, no
jewellery
a: Invent Gizmo, Renounce Religion, Recall Ancestor, Ancestor Identity


You were on level 10 of the Dungeon.
You worshipped Hepliaklqana.
Hepliaklqana was aware of your devotion.
You visited 1 branch of the dungeon, and saw 10 of its levels.
You also visited: Sewer.

You collected 534 gold pieces.

Inventory:

Hand Weapons
 a - a +1 sling (weapon) {Preben}
 d - a -2 sling {Zorana}
 s - the +8 trident of the Octopus King {venom, rElec rPois}
   (You found it on level 3 of the Dungeon)

   rElec:     It insulates you from electricity.
   rPois:     It protects you from poison
 t - a +3 sling of draining (offhand) {Bunsong}
 y - the +10 long sword "Upnuif" {drain, rElec Dex+4 SInv Stlth-}
   (You found it on level 6 of the Dungeon)

   Dex+4:     It affects your dexterity (+4).
   rElec:     It insulates you from electricity.
   SInv:      It lets you see invisible.
   Stlth-:    It makes you less stealthy.
 F - a +4 scimitar of flaming
Missiles
 m - a throwing net
Armour
 c - a +0 robe (worn)
 i - the +2 leather armour of Hopscotch {*Slow rPois Regen+ Dex+4}
   (You found it on level 6 of the Dungeon)

   Dex+4:     It affects your dexterity (+4).
   rPois:     It protects you from poison Regen+: It increases your rate of
   health regeneration.
   *Slow:     It may slow you when you take damage.
 j - a +0 pair of gloves (worn)
 k - a +2 helmet (worn)
 l - a +0 cloak (worn)
Wands
 f - a wand of acid (2)
 x - a wand of warping (11)
 E - a wand of polymorph (14)
 H - a wand of digging (7)
 J - a wand of flame (6)
 L - a wand of mindburst (7)
Scrolls
 b - 2 scrolls of poison
 u - 2 scrolls of immolation
 z - a scroll of amnesia {unknown}
 B - 3 scrolls of vulnerability
 C - 2 scrolls of teleportation
 D - a scroll of identify
 I - 2 scrolls of enchant armour {unknown}
 M - a scroll of blinking {unknown}
 N - a scroll of enchant weapon
Potions
 e - 5 potions of attraction
 g - 4 potions of enlightenment
 n - 2 potions of haste
 o - 3 potions of cancellation
 p - a potion of resistance
 r - 3 potions of curing
 v - a potion of ambrosia {unknown}
 w - 2 potions of might
 G - a potion of brilliance {unknown}
 K - a potion of mutation {unknown}


   Skills:
 - Level 11.1 Fighting
 - Level 14.1 Ranged Weapons
 - Level 1.7 Dodging
 + Level 1.2 Spellcasting
 * Level 3.1 Hexes
 - Level 0.8 Fire Magic
 + Level 0.5 Invocations
 * Level 1.8 Evocations


You had 10 spell levels left.
You knew the following spells:

 Your Spells              Type           Power      Damage    Failure   Level
a - Jinxbite              Hex            16%        N/A       12%         2
b - Slow                  Hex            32%        N/A       9%          1

Your spell library contained the following spells:

 Spells                   Type           Power      Damage    Failure   Level
 Confusing Touch          Hex            8%         N/A       24%         3
 Sigil of Binding         Hex            8%         N/A       24%         3
 Inner Flame              Hex/Fire       5%         N/A       36%         3
 Cigotuvi's Dreadful Rot  Necr/Alch/Air  0%         N/A       41%         2
 Cause Fear               Hex            4%         N/A       63%         4
 Vampiric Draining        Necr           0%         2d6       65%         3
 Dimensional Bullseye     Hex/Tloc       2%         N/A       83%         4
 Ignite Poison            Fire/Alch      1%         N/A       94%         4
 Sticky Flame             Fire/Alch      1%         2d4       94%         4
 Dispel Undead            Necr           0%         3d6       96%         4
 Martyr's Knell           Necr/Summ      0%         N/A       96%         4
 Yara's Violent Unravell  Hex/Alch       2%         3d3       99%         5
 Iskenderun's Battlesphe  Conj           0%         2d6       100%        5
 Bombard                  Conj/Erth      0%         9d1       100%        6
 Death Channel            Necr           0%         N/A       100%        6
 Enfeeble                 Hex            4%         N/A       100%        7
 Spellforged Servitor     Conj/Summ      0%         N/A       100%        7
 Ignition                 Fire           1%         3d3       100%        8


Dungeon Overview and Level Annotations

Branches:
Dungeon (10/15)            Temple (0/1) D:7           Sewer (visited)
   Lair: D:8-11         Orc: D:9-12

Altars:
Elyvilon
Hepliaklqana
Kikubaaqudgha
Uskayaw
Wu Jian
Xom
Zin
Beogh

Annotations:
D:4 3 runed translucent doors, Dittersdorf's ghost, novice GrFi
D:8 3 runed translucent doors
D:9 exclusion: ice statue


Innate Abilities, Weirdness & Mutations

Your life essence is reduced to manifest your ancestor. (-10% HP)
You can wield a second weapon in your off-hand.
It takes a long time for you to wield or remove held weapons.
Your first few attacks do less damage.
You cannot equip rings or amulets.


Message History

Unknown command.
Aiming: Mindburst
Press: ? - help, Shift-Dir - straight line, f/p - Harold
Aim: Harold, wielding a +2 heavy long sword and wearing a +0 scale mail (almost dead, heavily drained, chance to affect: 52%) Harold resists with significant effort.
Harold hits you with a +2 heavy long sword!!
Unknown command.
Aiming: Corrosive Bolt
Press: ? - help, Shift-Dir - straight line, f/p - Harold
Aim: Harold, wielding a +2 heavy long sword and wearing a +0 scale mail (almost dead, heavily drained, 83% to hit)
The bolt of acid hits Harold.
The acid corrodes Harold!
Harold is almost dead.
Unknown command.
Unknown command.
Aiming: Corrosive Bolt
Press: ? - help, Shift-Dir - straight line, f/p - Harold
Aim: Harold, wielding a +2 heavy long sword and wearing a +0 scale mail (almost dead, covered in acid, heavily drained, 83% to hit)
The bolt of acid hits Harold!
Harold seems to be corroded for longer.
You kill Harold!
Harold groans, "My... family..." and then collapses, dead.
Your Hexes skill increases to level 3!
Your Evocations skill increases to level 1!
Unknown command.
Aiming: Mindburst
Press: ? - help, Shift-Dir - straight line, f - komodo dragon
Aim: a komodo dragon (chance to affect: 55%)
The komodo dragon resists with significant effort.
The komodo dragon bites you!!
* * * LOW HITPOINT WARNING * * *
Unknown command.
Unknown command.
As you read the scroll of fear, it crumbles to dust.
You assume a fearsome visage.
The komodo dragon easily resists.
The komodo dragon looks frightened!
The komodo dragon barely misses you.
You feel much better. The komodo dragon bites you!!
* * * LOW HITPOINT WARNING * * *
Okay, then.
You feel much better. The komodo dragon bites you!!
You die...
Hepliaklqana delivers you to your ancestors.

~≈≈≈~~..................
~≈≈≈~.................#.
.~~~..!..............###
..~...................#.
............#...........
...........###..........
............#...........
...............).#......
.......@l......)###.....
.......).........#......
.......................#
........................
........................
.......#.....#.....<....
~.....###...###...<.<...
...... .....#..........
$.. .................


You could see a komodo dragon.

Vanquished Creatures
  Josephine (D:10)
  Harold (D:10)
  A two-headed ogre (D:9)
  Joseph (D:8)
  An elephant (D:10)
  An efreet (D:8)
  An unseen horror (D:10)
  3 ice devils (D:9)
  4 trolls
  A polar bear (D:8)
  A hornet (D:10)
  A shadow (D:8)
  Sigmund (D:4)
  4 wraiths (D:10)
  11 yaks
  A yak (shapeshifter) (D:8)
  A steam dragon (D:7)
  A vampire mosquito (D:8)
  3 acid dragons
  2 water moccasins
  An orc warrior (D:6)
  3 ice beasts
  A sky beast (D:7)
  A crocodile (Sewer)
  4 ogres
  2 wolves (D:8)
  3 centaurs
  3 kobold brigands
  8 bullfrogs
  A brain worm (Sewer)
  3 scorpions (D:6)
  10 killer bees
  3 electric eels
  4 howler monkeys
  3 jellies
  3 orc priests
  3 hounds
  5 orc wizards
  2 sleepcaps (D:4)
  4 iguanas
  Robin (D:2)
  9 adders
  3 river rats
  3 shadow imps
  2 white imps (D:8)
  15 ufetubi
  A ribbon worm (D:5)
  3 dart slugs
  29 orcs
  14 ball pythons
  10 bats
  10 endoplasms
  4 giant cockroaches
  12 goblins
  13 hobgoblins
  9 jackals
  11 kobolds
  5 quokkas
  3 frilled lizards (Sewer)
  9 rats
274 creatures vanquished.

Vanquished Creatures (collateral kills)
  Erica (D:10)
  2 ice devils (D:9)
  An acid dragon (D:9)
  An ufetubus (D:9)
  A kobold (D:9)
6 creatures vanquished.

Vanquished Creatures (others)
  9 ancestors
9 creatures vanquished.

Grand Total: 289 creatures vanquished

Notes
Turn   | Place    | Note
-------+----------+-------------------------------------------
     0 | D:1      | runemasterragnar the Coglin Hexslinger began the quest for
                  | the Orb.
     0 | D:1      | Reached XP level 1. HP: 15/15 MP: 2/2
    37 | D:1      | Reached skill level 2 in Ranged Weapons
   323 | D:1      | Reached XP level 2. HP: 21/21 MP: 3/3
   669 | D:1      | Reached XP level 3. HP: 27/27 MP: 4/4
  1051 | D:1      | Learned a level 2 spell: Jinxbite
  1232 | D:2      | Reached skill level 3 in Ranged Weapons
  1771 | D:2      | Noticed Robin
  1776 | D:2      | Reached XP level 4. HP: 30/33 MP: 5/5
  1788 | D:2      | Killed Robin
  1973 | D:3      | Found the +8 trident of the Octopus King {venom, rElec
                  | rPois}
  2273 | D:3      | Reached XP level 5. HP: 40/40 MP: 6/6
  2537 | D:3      | Found a faded altar of an unknown god.
  2634 | D:3      | You fall into a shaft and drop 2 floors!
  2634 | D:5      | Entered Level 5 of the Dungeon
  2659 | D:5      | Reached skill level 4 in Ranged Weapons
  2688 | D:5      | Noticed an acid dragon
  2824 | D:5      | Reached XP level 6. HP: 47/47 MP: 7/7
  2881 | D:5      | Reached skill level 5 in Ranged Weapons
  2931 | D:5      | Found a glowing silver altar of Zin.
  2931 | D:5      | Found a shimmering altar of Xom.
  2931 | D:5      | Noticed an angel
  3215 | D:5      | Reached XP level 7. HP: 54/54 MP: 8/8
  3238 | D:5      | Found a glowing drain.
  3246 | Sewer    | Entered a sewer
  3378 | Sewer    | Reached skill level 6 in Ranged Weapons
  3460 | Sewer    | Reached skill level 5 in Fighting
  3498 | Sewer    | Reached XP level 8. HP: 47/62 MP: 9/9
  4125 | D:5      | Reached skill level 7 in Ranged Weapons
  4190 | D:4      | Found a white marble altar of Elyvilon.
  4191 | D:4      | Found an ancient bone altar of Kikubaaqudgha.
  4236 | D:4      | Found a hide-covered altar of Uskayaw.
  4358 | D:4      | Noticed Sigmund
  4514 | D:4      | Found a runed translucent gate.
  4516 | D:4      | Found a runed translucent gate.
  4516 | D:4      | Identified the +6 spear "Fak Ruyt" {antimagic, Dex+3}
  4516 | D:4      | Identified the +4 chain mail of the Poles {rF- Regen+ Str+5
                  | Dex+3}
  4517 | D:4      | Found a runed translucent gate.
  4520 | D:4      | Noticed Dittersdorf's ghost (novice GrFi)
  4522 | D:4      | Found a roughly hewn altar of Beogh.
  4693 | D:4      | Killed Sigmund
  5047 | D:5      | Reached skill level 8 in Ranged Weapons
  5365 | D:5      | Learned a level 1 spell: Slow
  5458 | D:6      | Reached XP level 9. HP: 71/71 MP: 10/10
  5569 | D:6      | Identified the +2 leather armour of Hopscotch {*Slow rPois
                  | Regen+ Dex+4}
  5583 | D:6      | Identified the +10 long sword "Upnuif" {drain, rElec Dex+4
                  | SInv Stlth-}
  5725 | D:6      | Reached skill level 9 in Ranged Weapons
  5815 | D:6      | Noticed a troll
  5821 | D:6      | Killed a troll
  6058 | D:6      | Found an ornate altar of the Wu Jian Council.
  6245 | D:7      | Found a hazy altar of Hepliaklqana.
  6272 | D:7      | Found a staircase to the Ecumenical Temple.
  6299 | D:7      | Became a worshipper of Hepliaklqana the Forgotten
  6385 | D:7      | Reached skill level 10 in Ranged Weapons
  7183 | D:8      | Reached XP level 10. HP: 47/80 MP: 11/11
  7309 | D:8      | Noticed Joseph
  7322 | D:8      | Killed Joseph
  7645 | D:8      | Reached skill level 11 in Ranged Weapons
  8398 | D:8      | Found a runed translucent gate.
  8398 | D:8      | Found a runed translucent gate.
  8398 | D:8      | Found a runed translucent gate.
  8520 | D:8      | Reached skill level 12 in Ranged Weapons
  9072 | D:8      | Reached XP level 11. HP: 90/90 MP: 12/12
  9116 | D:8      | Noticed a purple ugly thing
  9116 | D:8      | Noticed a brown ugly thing
  9118 | D:8      | Noticed a red ugly thing
  9199 | D:8      | Noticed a glowing orange brain
  9266 | D:9      | Reached * piety under Hepliaklqana
  9504 | D:9      | Noticed a two-headed ogre
  9510 | D:9      | Killed a two-headed ogre
  9725 | D:9      | Reached skill level 10 in Fighting
 10455 | D:10     | Entered Level 10 of the Dungeon
 10455 | D:10     | Noticed Erica
 10460 | D:9      | Reached skill level 13 in Ranged Weapons
 10698 | D:10     | Noticed Josephine
 11136 | D:10     | Killed Erica
 11158 | D:10     | Killed Josephine
 11203 | D:10     | Reached skill level 14 in Ranged Weapons
 11376 | D:10     | Reached XP level 12. HP: 64/90 MP: 13/13
 11473 | D:10     | Noticed Harold
 11511 | D:10     | Killed Harold
 11512 | D:10     | Reached skill level 1 in Evocations
 11515 | D:10     | Slain by a komodo dragon

Illustrated notes

Levels and vault maps discovered:
D:1:      dpeg_arrival_tiny_h, layout_basic
D:2:      layout_loops_corners, uniq_robin
D:3:      layout_loops_ring, dreamdust_ecumenical_altar_grove
D:4:      layout_loops_ring, chequers_temple_overflow_statue_of_worship,
          mainiacjoe_overflow_paths, biasface_ghost_orc_armoury, uniq_sigmund
D:5:      minmay_clustersquares, layout_loops_cross,
          grunt_temple_overflow_order_and_chaos_1, portal_sewer_entry_e
D:6:      layout_rooms, pdpol_wu_jian_five_deadly_venoms, serial_corexii_hall,
          chequers_hall_statues_wall_a, chequers_hall_statues_y,
          palyth_stone_intersect, lemuel_flamethrower_1
D:7:      layout_basic, worldfamousw_hep_ancestral_shrine,
          minmay_temple_entry_stoned_glass
D:8:      minmay_bloctagon_deflated, layout_cave_pods,
          ploomutoo_gammafunk_ghost_potion_laboratory, serial_ice, serial_ice_l,
          serial_ice_o, serial_ice_b, serial_ice_h, serial_ice_d, uniq_joseph
D:9:      cheibrodos_frozen_isle, layout_loops_ring
D:10:     layout_big_octagon, grunt_lair_entry_orc_guard_hut, david_orc_4,
          uniq_josephine, uniq_erica, uniq_harold

Skill      XL: |  1  2  3  4  5  6  7  8  9 10 11 12 |
---------------+-------------------------------------+-----
Ranged Weapons | 2 3 4 5 6 8 10 12 14 | 14.1
Fighting       | 2 3 4 5 6 8 9 11 | 11.1
Hexes          | 3 |  3.1
Evocations     | 1 |  1.8
Dodging        | |  1.7
Spellcasting   | |  1.2
Fire Magic     | |  0.8
Invocations    | |  0.5

Action                     |  1- 3 |  4- 6 |  7- 9 | 10-12 || total
---------------------------+-------+-------+-------+-------++-------
  Melee: Trident           |       |     8 |       |       ||     8
         Sling             |       |     6 |       |     2 ||     8
         Long sword        |       |       |       |     2 ||     2
   Fire: Sling             |   238 |   274 |   594 |  1050 ||  2156
  Evoke: Wand              |       |       |       |    13 ||    13
    Use: Scroll            |       |     8 |     6 |     8 ||    22
         Potion            |       |       |       |    15 ||    15
 Armour: Robe              |    63 |    63 |    92 |   142 ||   360
         Skin              |       |       |       |    90 ||    90
  Dodge: Dodged            |    55 |    60 |    66 |   108 ||   289

Table legend: (Time is in decaauts)
 A = Elapsed time spent in this place.
 B = Non-inter-level travel time spent in this place.
 C = Inter-level travel time spent in this place.
 D = Time resting spent in this place.
 E = Time spent auto-exploring this place.
 F = Levels seen in this place.
 G = Mean time per level.
                   A        B        C        D        E       F      G
               +--------+--------+--------+--------+--------+-----+--------+
         Total |  11577 |  11233 |    344 |   1802 |   7195 |  11 | 1052.5 |
       Dungeon |  10877 |  10533 |    344 |   1802 |   6667 |  10 | 1087.7 |
         Sewer |    699 |    699 |      0 |      0 |    528 |   1 |  699.0 |
               +--------+--------+--------+--------+--------+-----+--------+

Top non-repeatable levels by time:
     D:8: 2077 daAuts
     D:5: 1416 daAuts
     D:9: 1373 daAuts
     D:1: 1096 daAuts
     D:7: 1028 daAuts
     D:3: 862 daAuts
     D:2: 844 daAuts
    D:10: 796 daAuts
     D:6: 707 daAuts
   Sewer: 699 daAuts
     D:4: 675 daAuts
